 Dungeon Crawl Stone Soup version 0.31.0-9-g3a7656b989 (webtiles) character file.

Game seed: 7792286445795736972

8180 qw the Nimble (level 11, -4/54 (55) HPs)
             Began as a Spriggan Hunter on Feb 2, 2024.
             Was a Priest of Okawaru.
             Slain by a kobold brigand
             ... wielding a +0 short sword
              (6 damage)
             ... on level 9 of the Dungeon.
             The game lasted 00:01:00 (7385 turns).

qw the Nimble (Spriggan Hunter)                     Turns: 7385, Time: 00:01:00

HP:   -4/54 (55)    AC: 15    Str:  7    XL:     11   Next: 6%
MP:   15/15         EV: 26    Int: 12    God:    Okawaru [***...]
Gold: 622           SH:  0    Dex: 28    Spells: 10/10 levels left

rFire   . . .        c - +0 orcbow
rCold   . . .        (shield currently unavailable)
rNeg    . . .        m - +4 swamp dragon scales
rPois   +            (helmet restricted)
rElec   .            (no cloak)
rCorr   .            (gloves unavailable)
SInv    +            (boots unavailable)
Will    +....        (no amulet)
Stlth   ++           b - +4 ring of protection
HPRegen 0.29/turn    h - +6 ring of dexterity
MPRegen 0.14/turn

%: no passive effects
@: about to teleport, lightly drained, very quick
A: very small, no large weapons, unfitting armour, see invisible, speed 3
a: Renounce Religion, Heroism


You were on level 9 of the Dungeon.
You worshipped Okawaru.
Okawaru was most pleased with you.
You visited 2 branches of the dungeon, and saw 10 of its levels.
You also visited: Ossuary.

You collected 622 gold pieces.


Innate Abilities, Weirdness & Mutations

You are very small and have problems with some larger weapons.
You are too small for most types of armour.
You have supernaturally acute eyesight. (SInv)
You cover ground extremely quickly. (Speed+++)


   Skills:
 - Level 5.0 Fighting
 + Level 12.0 Ranged Weapons
 - Level 2.1 Armour
 - Level 13.5 Dodging
 - Level 1.5 Stealth
 - Level 4.0 Invocations


You had 10 spell levels left.
You didn't know any spells.
Your spell library was empty.

Inventory:

Hand Weapons
 c - a +0 orcbow (weapon)
Armour
 m - +4 swamp dragon scales (worn)
Jewellery
 b - a +4 ring of protection (left hand)
 h - a +6 ring of dexterity (right hand)
Wands
 i - a wand of charming (8)
 n - a wand of polymorph (7)
 p - a wand of mindburst (13)
Scrolls
 d - a scroll of teleportation
Potions
 e - 3 potions of curing
 f - 2 potions of mutation
 j - a potion of cancellation
 k - a potion of might
 l - a potion of enlightenment {unknown}
 s - a potion of resistance

Dungeon Overview and Level Annotations

Branches:
Dungeon (9/15)             Temple (1/1) D:7         Ossuary (visited)
   Lair: D:8-11         Orc: D:9-12

Altars:
Ashenzari
Cheibriados
Dithmenos
Elyvilon
Fedhas
Hepliaklqana
Kikubaaqudgha
Makhleb
Okawaru
Qazlal
Ru
Sif Muna
Trog
Uskayaw
Vehumet
Wu Jian
Xom
Yredelemnul
Zin
The Shining One

Shops:
D:6 :


Message History

The arrow hits the killer bee!!
You kill the killer bee!
Okawaru accepts your kill.
You hear a shout!
The kobold completely misses you.
You shoot an arrow. The arrow barely misses the kobold.
The arrow closely misses the kobold.
The killer bee buzzes angrily.
The arrow hits the kobold brigand!
The kobold brigand is moderately wounded.
The kobold completely misses you.
A kobold comes into view.
It is wielding a +0 dagger and quivering poisoned darts.
The orc priest invokes the aid of Beogh against you.
Beogh smites you!
You hear an angry buzzing noise.
You shoot an arrow. The arrow hits the kobold!
You kill the kobold!
A killer bee comes into view.
The killer bee closely misses you.
An orc comes into view. It is wielding a +0 dagger.
The orc priest calls down the wrath of Beogh upon you.
Beogh smites you!
An orc priest comes into view. It is wielding a +0 club.
Enter note:
Enter note:
7383 ||| RETREEEEATING.
The orc priest calls down the wrath of Beogh upon you.
Beogh smites you! The kobold completely misses you.
7384 ||| READING 2 scrolls of teleportation.
As you read the scroll of teleportation, it crumbles to dust.
You feel strangely unstable. The killer bee completely misses you.
The killer bee misses you. The kobold hits you with a +0 dagger.
You shoot an arrow. The arrow hits the killer bee!!
You kill the killer bee!
Okawaru accepts your kill.
An orc comes into view. It is wielding a +0 hand axe.
The kobold misses you.
The kobold brigand hits you with a +0 short sword.
You die... .... .##### .... .... ### ....# Ko...

.... .. ...#...##o.)..
.... ... ##.#.....Ky.##
.... .... #......oy.#...
.... #..##....K))K.)...
.....#....... ##Ky....#
#.......##... #KK#....#
..........##.###@#...##
..........#......y...#
.........###..####..##
..........###.#.#.....#
...........#............
.........)..............
.........#..............
.........##............(
..>.......#..#.......


You could see a kobold brigand, 3 killer bees, 2 orc priests, an orc and 5
kobolds.

Vanquished Creatures
  Pikel (D:6)
  Maggie (D:8)
  Jeremiah (D:6)
  Grinder (D:3)
  A hornet (D:9)
  Sigmund (D:4)
  11 yaks (D:8)
  A wraith (D:9)
  Menkaure (D:5)
  2 water moccasins
  3 orc warriors (D:7)
  3 ice beasts
  2 black bears (D:6)
  2 sky beasts
  4 ogres
  2 centaurs
  2 phantoms
  3 lemures
  2 kobold brigands
  2 elf zombies (Ossuary)
  A bullfrog (D:7)
  7 scorpions
  15 wights
  2 killer bees (D:9)
  4 howler monkeys
  A vampire bat (D:7)
  2 bombardier beetles (D:5)
  4 hounds
  A human zombie (Ossuary)
  A jelly (D:5)
  3 gnoll boudas
  5 orc priests
  8 iguanas
  2 sleepcaps
  4 orc wizards
  A hound zombie (Ossuary)
  4 mummies (Ossuary)
  7 adders
  14 gnolls
  2 shadow imps
  4 ufetubi
  4 adder zombies
  3 dart slugs
  5 ribbon worms
  23 orcs
  7 ball pythons
  6 bats
  4 bat skeletons (D:7)
  3 bat zombies (D:7)
  11 endoplasms
  8 giant cockroaches
  9 goblins
  8 hobgoblins
  4 jackals (D:3)
  16 kobolds
  9 quokkas
  A frilled lizard (D:2)
  A goblin zombie (Ossuary)
  2 jackal zombies (Ossuary)
  An orc zombie (Ossuary)
  3 rats
  2 rat zombies (Ossuary)
268 creatures vanquished.

Notes
Turn   | Place    | Note
-------+----------+-------------------------------------------
     0 | D:1      | qw the Spriggan Hunter began the quest for the Orb.
     0 | D:1      | Reached XP level 1. HP: 10/10 MP: 2/2
     0 | D:1      | 0 ||| qw: Version: 0.3-a-155-g5e7d8dd
     0 | D:1      | 0 ||| qw: Game counter: 2492
     0 | D:1      | 0 ||| qw: Melee chars always use a shield: true
     0 | D:1      | 0 ||| qw: God list: Okawaru
     0 | D:1      | 0 ||| qw: Allow faded altars: false
     0 | D:1      | 0 ||| qw: Do Orc after clearing Dungeon:15 true
     0 | D:1      | 0 ||| qw: Do second Lair branch before Depths: true
     0 | D:1      | 0 ||| qw: Lair rune preference: random
     0 | D:1      | 0 ||| qw: Goals: Normal
     0 | D:1      | 0 ||| PLANNING D:1-11
    18 | D:1      | Reached skill level 3 in Dodging
    50 | D:1      | Reached XP level 2. HP: 14/14 MP: 3/3
    96 | D:1      | Reached skill level 4 in Dodging
   379 | D:1      | Reached XP level 3. HP: 18/18 MP: 4/4
   456 | D:1      | 456 ||| READING scroll labelled CUNKUJ QYAMA.
   456 | D:1      | 456 ||| IDENTIFYING metallic ruby potion
   457 | D:1      | 457 ||| READING scroll labelled YCIACV ITWI.
   461 | D:1      | 461 ||| READING scroll labelled QAFERPHEGIA.
   462 | D:1      | 462 ||| READING scroll labelled FIELAR GYATIT.
   495 | D:1      | 495 ||| READING scroll labelled PULETR ZAAN.
   496 | D:1      | 496 ||| DRINKING 2 metallic pink potions.
   497 | D:1      | 497 ||| DROPPING scroll of butterflies.
  1045 | D:2      | Reached XP level 4. HP: 22/22 MP: 5/5
  1080 | D:2      | 1080 ||| UPGRADING to +4 ring of protection.
  1081 | D:2      | 1081 ||| READING scroll of identify.
  1081 | D:2      | 1081 ||| IDENTIFYING inky potion
  1082 | D:2      | 1082 ||| READING 2 scrolls labelled OKUSIX NUGASCHA.
  1082 | D:2      | 1082 ||| ENCHANTING +0 shortbow.
  1083 | D:2      | 1083 ||| READING scroll of enchant weapon.
  1083 | D:2      | 1083 ||| ENCHANTING +1 shortbow.
  1266 | D:3      | Reached skill level 5 in Dodging
  1272 | D:3      | Found a basalt altar of Yredelemnul.
  1306 | D:3      | Noticed Grinder
  1320 | D:3      | Killed Grinder
  1321 | D:3      | Reached skill level 3 in Fighting
  1321 | D:3      | Reached XP level 5. HP: 14/29 MP: 6/6
  1321 | D:3      | Reached XP level 6. HP: 16/33 MP: 7/7
  1594 | D:4      | Noticed a sky beast
  1595 | D:4      | 1595 ||| PLANNING OSSUARY
  1599 | D:4      | 1599 ||| STAIRDANCE
  1609 | D:3      | Killed a sky beast
  1678 | D:4      | 1678 ||| STAIRDANCE
  1814 | D:4      | Reached skill level 6 in Ranged Weapons
  1919 | D:4      | Reached XP level 7. HP: 37/37 MP: 8/8
  1942 | D:4      | Noticed Sigmund
  1954 | D:4      | Killed Sigmund
  1955 | D:4      | Reached skill level 7 in Dodging
  2167 | D:4      | 2167 ||| FLEEEEING.
  2171 | D:4      | 2171 ||| FLEEEEING.
  2173 | D:4      | 2173 ||| FLEEEEING.
  2174 | D:4      | 2174 ||| FLEEEEING.
  2175 | D:4      | 2175 ||| FLEEEEING.
  2176 | D:4      | 2176 ||| FLEEEEING.
  2310 | D:4      | Found a sand-covered staircase.
  2311 | D:4      | 2311 ||| READING scroll of identify.
  2311 | D:4      | 2311 ||| IDENTIFYING bubbling brown potion
  2312 | D:4      | 2312 ||| READING scroll labelled VUGAODGH KOMP.
  2312 | D:4      | 2312 ||| ENCHANTING +2 shortbow.
  2313 | D:4      | 2313 ||| READING scroll labelled MOYCKE XOQ.
  2314 | D:4      | 2314 ||| READING scroll labelled HAOFEWU KIEBB.
  2323 | Ossuary  | Entered an ossuary
  2357 | Ossuary  | Reached XP level 8. HP: 29/42 MP: 9/9
  2614 | Ossuary  | 2614 ||| READING 2 scrolls of identify.
  2614 | Ossuary  | 2614 ||| IDENTIFYING sedimented emerald potion
  2615 | Ossuary  | 2615 ||| READING scroll of identify.
  2615 | Ossuary  | 2615 ||| IDENTIFYING 4 bubbling golden potions
  2616 | Ossuary  | 2616 ||| READING 2 scrolls labelled HEPHAMP TADUO.
  2617 | Ossuary  | 2617 ||| DROPPING potion of degeneration.
  2618 | Ossuary  | 2618 ||| DROPPING 4 potions of lignification.
  2619 | Ossuary  | 2619 ||| DROPPING scroll of fear.
  2633 | D:4      | 2633 ||| PLANNING D:1-11
  2771 | D:5      | Entered Level 5 of the Dungeon
  2792 | D:5      | 2792 ||| RETREEEEATING.
  2794 | D:5      | 2794 ||| RETREEEEATING.
  2796 | D:5      | 2796 ||| RETREEEEATING.
  2797 | D:5      | 2797 ||| RETREEEEATING.
  2799 | D:5      | 2799 ||| RETREEEEATING.
  2800 | D:5      | 2800 ||| RETREEEEATING.
  2801 | D:5      | 2801 ||| RETREEEEATING.
  2813 | D:5      | Reached skill level 8 in Dodging
  3018 | D:5      | Reached skill level 9 in Ranged Weapons
  3069 | D:5      | Reached skill level 9 in Dodging
  3163 | D:5      | Noticed Menkaure
  3168 | D:5      | Killed Menkaure
  3216 | D:5      | 3216 ||| READING scroll of enchant weapon.
  3216 | D:5      | 3216 ||| ENCHANTING +2 shortbow.
  3341 | D:5      | 3341 ||| DROPPING amulet of magic regeneration.
  3342 | D:5      | 3342 ||| READING 4 scrolls of identify.
  3342 | D:5      | 3342 ||| IDENTIFYING lumpy purple potion
  3343 | D:5      | 3343 ||| READING 3 scrolls of identify.
  3343 | D:5      | 3343 ||| IDENTIFYING glowing grey potion
  3344 | D:5      | 3344 ||| READING 2 scrolls of identify.
  3344 | D:5      | 3344 ||| IDENTIFYING metallic silvery potion
  3345 | D:5      | 3345 ||| READING scroll of identify.
  3345 | D:5      | 3345 ||| IDENTIFYING scroll labelled JUMMOO LEITA
  3346 | D:5      | 3346 ||| READING scroll labelled DAOFFI XEMOCAMP.
  3447 | D:5      | 3447 ||| READING scroll labelled FOSYXTASIT.
  3448 | D:5      | 3448 ||| DROPPING potion of attraction.
  3449 | D:5      | 3449 ||| DROPPING scroll of summoning.
  3450 | D:5      | 3450 ||| DROPPING potion of ambrosia.
  3482 | D:6      | Noticed Jeremiah
  3500 | D:6      | 3500 ||| STAIRDANCE
  3561 | D:6      | 3561 ||| STAIRDANCE
  3603 | D:6      | 3603 ||| STAIRDANCE
  3674 | D:6      | Killed Jeremiah
  3675 | D:6      | Reached XP level 9. HP: 41/45 MP: 10/10
  3690 | D:6      | 3690 ||| RETREEEEATING.
  3691 | D:6      | Noticed Pikel
  3692 | D:6      | 3692 ||| RETREEEEATING.
  3694 | D:6      | 3694 ||| RETREEEEATING.
  3699 | D:6      | 3699 ||| RETREEEEATING.
  3700 | D:6      | 3700 ||| RETREEEEATING.
  3714 | D:6      | HP: 8/43 [Pikel/+0 whip of freezing (9)]
  3715 | D:6      | 3715 ||| READING 3 scrolls of teleportation.
  3715 | D:6      | HP: 3/43 [wight/+5 spear (4)]
  3716 | D:6      | 3716 ||| DRINKING 2 potions of heal wounds.
  3813 | D:6      | Found Suhimaw's Vocational Training.
  3842 | D:6      | Reached skill level 10 in Dodging
  3977 | D:6      | 3977 ||| FLEEEEING.
  3978 | D:6      | 3978 ||| FLEEEEING.
  3979 | D:6      | 3979 ||| FLEEEEING.
  3980 | D:6      | 3980 ||| FLEEEEING.
  3981 | D:6      | 3981 ||| STAIRDANCE
  4026 | D:6      | 4026 ||| STAIRDANCE
  4186 | D:6      | Reached skill level 11 in Dodging
  4194 | D:6      | 4194 ||| FLEEEEING.
  4195 | D:6      | 4195 ||| FLEEEEING.
  4197 | D:6      | 4197 ||| FLEEEEING.
  4199 | D:6      | 4199 ||| RETREEEEATING.
  4200 | D:6      | 4200 ||| RETREEEEATING.
  4201 | D:6      | 4201 ||| RETREEEEATING.
  4202 | D:6      | 4202 ||| RETREEEEATING.
  4209 | D:6      | HP: 9/45 [orc priest/nerve-wracking pain (5)]
  4210 | D:6      | 4210 ||| READING 2 scrolls of teleportation.
  4211 | D:6      | 4211 ||| DRINKING potion of heal wounds.
  4214 | D:6      | 4214 ||| FLEEEEING.
  4234 | D:6      | 4234 ||| FLEEEEING.
  4236 | D:6      | 4236 ||| FLEEEEING.
  4535 | D:6      | 4535 ||| RETREEEEATING.
  4536 | D:6      | 4536 ||| RETREEEEATING.
  4537 | D:6      | 4537 ||| RETREEEEATING.
  4538 | D:6      | 4538 ||| RETREEEEATING.
  4539 | D:6      | 4539 ||| RETREEEEATING.
  4540 | D:6      | 4540 ||| RETREEEEATING.
  4541 | D:6      | 4541 ||| RETREEEEATING.
  4558 | D:6      | Killed Pikel
  4700 | D:6      | 4700 ||| UPGRADING to +6 ring of dexterity.
  4718 | D:7      | 4718 ||| STAIRDANCE
  4734 | D:7      | 4734 ||| STAIRDANCE
  4780 | D:7      | 4780 ||| STAIRDANCE
  4789 | D:7      | 4789 ||| STAIRDANCE
  4832 | D:7      | Reached XP level 10. HP: 35/50 MP: 11/11
  5030 | D:7      | Found an ancient bone altar of Kikubaaqudgha.
  5037 | D:7      | Reached skill level 12 in Dodging
  5101 | D:7      | Found a snail-covered altar of Cheibriados.
  5213 | D:7      | Found a staircase to the Ecumenical Temple.
  5214 | D:7      | 5214 ||| PLANNING TEMPLE
  5222 | Temple   | Entered the Ecumenical Temple
  5223 | Temple   | 5223 ||| PLANNING OKAWARU WORSHIP
  5240 | Temple   | Became a worshipper of Warmaster Okawaru
  5241 | Temple   | 5241 ||| PLANNING D:1-11
  5294 | D:7      | Found a bloodstained altar of Trog.
  5456 | D:7      | Found a white marble altar of Elyvilon.
  5692 | D:7      | 5692 ||| READING scroll labelled OGOHAI GIAR.
  5744 | D:8      | 5744 ||| STAIRDANCE
  5842 | D:8      | Reached skill level 13 in Dodging
  5872 | D:8      | Reached * piety under Okawaru
  5897 | D:8      | Noticed Maggie
  5904 | D:8      | 5904 ||| INVOKING Heroism.
  5921 | D:8      | Killed Maggie
  5949 | D:8      | Reached skill level 1 in Invocations
  5949 | D:8      | 5949 ||| RETREEEEATING.
  5950 | D:8      | 5950 ||| RETREEEEATING.
  5951 | D:8      | 5951 ||| RETREEEEATING.
  5957 | D:8      | 5957 ||| RETREEEEATING.
  6080 | D:8      | Reached skill level 3 in Invocations
  6120 | D:8      | Reached skill level 12 in Ranged Weapons
  6214 | D:8      | Reached ** piety under Okawaru
  6337 | D:8      | Found a radiant altar of Vehumet.
  6707 | D:8      | Found an ornate altar of the Wu Jian Council.
  6965 | D:8      | 6965 ||| UPGRADING to +0 swamp dragon scales.
  6975 | D:8      | 6975 ||| DROPPING +0 robe.
  6976 | D:8      | 6976 ||| READING 4 scrolls of enchant armour.
  6976 | D:8      | 6976 ||| ENCHANTING +0 swamp dragon scales.
  6977 | D:8      | 6977 ||| READING 3 scrolls of enchant armour.
  6977 | D:8      | 6977 ||| ENCHANTING +1 swamp dragon scales.
  6978 | D:8      | 6978 ||| READING 2 scrolls of enchant armour.
  6978 | D:8      | 6978 ||| ENCHANTING +2 swamp dragon scales.
  6979 | D:8      | 6979 ||| READING scroll of enchant armour.
  6979 | D:8      | 6979 ||| ENCHANTING +3 swamp dragon scales.
  6980 | D:8      | 6980 ||| READING 2 scrolls of identify.
  6980 | D:8      | 6980 ||| IDENTIFYING viscous yellow potion
  6981 | D:8      | 6981 ||| READING scroll of identify.
  6981 | D:8      | 6981 ||| IDENTIFYING amethyst potion
  6982 | D:8      | 6982 ||| DROPPING potion of berserk rage.
  7023 | D:9      | 7023 ||| STAIRDANCE
  7042 | D:9      | 7042 ||| STAIRDANCE
  7051 | D:8      | Reached skill level 1 in Armour
  7097 | D:9      | 7097 ||| STAIRDANCE
  7134 | D:9      | 7134 ||| STAIRDANCE
  7282 | D:9      | Reached *** piety under Okawaru
  7283 | D:9      | Reached XP level 11. HP: 54/54 MP: 15/15
  7343 | D:9      | 7343 ||| SWAPPING to +0 orcbow.
  7351 | D:9      | 7351 ||| DROPPING +3 shortbow.
  7379 | D:9      | 7379 ||| RETREEEEATING.
  7383 | D:9      | 7383 ||| RETREEEEATING.
  7383 | D:9      | HP: 3/54 [orc priest/divine providence (12)]
  7384 | D:9      | 7384 ||| READING 2 scrolls of teleportation.
  7384 | D:9      | HP: 1/54 [kobold/+0 dagger (2)]
  7385 | D:9      | Slain by a kobold brigand

Levels and vault maps discovered:
D:1:      tarquinn_simple_flora_water_c, layout_rooms, minmay_cupped
D:2:      layout_basic, kennysheep_generic_room_15
D:3:      layout_rooms, lemuel_zombie_altar_yredelemnul, uniq_grinder
D:4:      minmay_clustersquares, layout_basic,
          mainiacjoe_ossuary_entry_dusty_tomb, uniq_sigmund
D:5:      layout_rooms, hangedman_decor_points, minmay_chambers_of_fives,
          uniq_menkaure
D:6:      layout_rooms, nicolae_shop_vocational, uniq_jeremiah, uniq_pikel
D:7:      kennysheep_six_static_rooms, layout_loops_ring,
          kennysheep_vampire_church, trog_butcher_becter,
          cheibrodos_worm_habitat, mainiacjoe_overflow_cross_hatched
D:8:      layout_basic, kennysheep_mini_moat, marbit_many_paths,
          kennysheep_cross_bottleneck, uniq_maggie
D:9:      layout_cave_pools, uniq_grum
Temple:   hellmonk_temple_forest_ring

Skill      XL: |  1  2  3  4  5  6  7  8  9 10 11 |
---------------+----------------------------------+-----
Dodging        | 3 4 5 7 9 11 13 | 13.5
Ranged Weapons | 5 6 7 10 11 12 | 12.0
Fighting       | 3 4 5 |  5.0
Invocations    | 4 |  4.0
Armour         | 2 |  2.1
Stealth        | |  1.5

Action                     |  1- 3 |  4- 6 |  7- 9 | 10-12 || total
---------------------------+-------+-------+-------+-------++-------
   Fire: Shortbow          |   120 |   141 |   523 |   308 ||  1092
         Orcbow            |       |       |       |    24 ||    24
 Invoke: Heroism           |       |       |       |     1 ||     1
    Use: Scroll            |     5 |     3 |    16 |     8 ||    32
         Potion            |     1 |       |     2 |       ||     3
 Armour: Robe              |    17 |    15 |   130 |    11 ||   173
         Swamp dragon scal |       |       |       |    19 ||    19
  Dodge: Dodged            |    71 |    64 |   504 |   180 ||   819

Table legend:
 A = Non-vault XP
 B = Vault XP
 C = Vault XP percentage of total XP
 D = Non-vault monster count
 E = Vault monster count
 F = Vault count percentage of total count
                 A         B        C        D         E       F
            +---------+---------+-------+---------+---------+-------
      Total |    8172 |    3577 |  30.4 |     200 |      65 |  24.5
            +---------+---------+-------+---------+---------+-------
        D:1 |      34 |       8 |  19.0 |      17 |       3 |  15.0
        D:2 |      75 |       2 |   2.6 |      21 |       1 |   4.5
        D:3 |     176 |     293 |  62.5 |      23 |       3 |  11.5
        D:4 |     363 |     342 |  48.5 |      21 |      13 |  38.2
        D:5 |     749 |     438 |  36.9 |      18 |       6 |  25.0
        D:6 |    1603 |     982 |  38.0 |      34 |       2 |   5.6
        D:7 |     786 |     593 |  43.0 |      15 |      19 |  55.9
        D:8 |    3509 |     578 |  14.1 |      39 |       2 |   4.9
        D:9 |     877 |       0 |   0.0 |      12 |       0 |   0.0
    Ossuary |       0 |     341 | 100.0 |       0 |      16 | 100.0
            +---------+---------+-------+---------+---------+-------
